Map: [ESL] Oceanborn

Players

Dark - Winner!

  • Race: Zerg Zerg
  • Spawn Location: 5:00

herO

  • Race: Protoss Protoss
  • Spawn Location: 11:00

Event: IEM Katowice 2024

VOD

Have the link to the VOD?

Description

Time

  • Played on: Feb. 8, 2024, 12:34 p.m.
  • Length: 8:35

All games in this series

Show
View Real Time Build Order
Export as new Build Order

Dark Zerg - Winner!

Build Orders: Hatch First 

Get SALT Encoding   

  12  0:00  Drone  
  13  0:11  Overlord  
  13  0:17  Drone  
  14  0:30  Drone x2  
  16  0:48  Hatchery  
  15  0:51  Drone  
  15  0:54  Drone  
  17  0:58  Drone  
  18  1:08  Extractor  
  17  1:13  Spawning Pool  
  17  1:16  Drone  
  17  1:18  Drone  
  18  1:27  Drone  
  19  1:38  Drone  
  20  1:51  Drone  
  21  1:59  Queen x2  
  21  2:00  Zergling x2  
  26  2:01  Overlord  
  26  2:11  Metabolic Boost  
  26  2:13  Drone x2  
  28  2:23  Drone x2  
  30  2:32  Drone  
  30  2:33  Drone  
  32  2:40  Hatchery  
  31  2:46  Queen  
  31  2:51  Overlord  
  33  2:54  Zergling x2  
  33  2:57  Drone  
  35  3:00  Drone  
  36  3:09  Queen  
  38  3:13  Drone  
  38  3:14  Drone  
  38  3:15  Drone x2  
  38  3:16  Drone x2  
  44  3:27  Overlord  
  44  3:31  Overlord  
  44  3:48  Queen x2  
  44  3:53  Zergling x4  
  44  3:54  Drone x4  
  44  3:55  Spore Crawler  
  52  3:56  Drone x3  
  52  3:58  Spore Crawler  
  52  4:02  Queen  
  54  4:08  Drone x2  
  58  4:11  Overlord  
  58  4:12  Overlord  
  58  4:17  Overlord  
  58  4:23  Overlord  
  58  4:25  Lair  
  58  4:29  Overlord  
  58  4:31  Drone x3  
  60  4:36  Zergling x6  
  64  4:42  Extractor x2  
  63  4:45  Drone x2  
  63  4:46  Zergling x6  
  63  4:49  Spore Crawler  
  66  4:56  Zergling x4  
  66  4:57  Pneumatized Carapace  
  68  5:08  Zergling x12  
  68  5:11  Zergling x2  
  68  5:13  Baneling Nest  
  68  5:14  Zergling x12  
  75  5:19  Zergling x4  
  80  5:25  Zergling x6  
  79  5:28  Zergling x4  
  79  5:30  Zergling x2  
  79  5:33  Zergling x2  
  80  5:37  Zergling x2  
  80  5:40  Zergling x4  
  82  5:45  Zergling x6  
  85  5:53  Zergling x4  
  86  5:59  Zergling x8  
  86  6:04  Baneling x4  
  81  6:07  Zergling x6  
  81  6:10  Baneling x7  
  84  6:16  Baneling x4  
  77  6:19  Zergling x10  
  77  6:21  Baneling x5  
  77  6:22  Baneling x3  
  77  6:25  Zergling x2  
  80  6:27  Zergling x2  
  80  6:30  Baneling x3  
  78  6:34  Zergling x2  
  78  6:38  Zergling x6  
  78  6:42  Zergling x2  
  73  6:47  Drone  
  73  6:53  Drone x2  
  74  6:55  Queen  
  74  6:56  Roach Warren  
  74  6:58  Drone  
  76  7:03  Drone x2  
  76  7:10  Drone x2  
  76  7:14  Queen x2  
  80  7:18  Overlord  
  76  7:23  Overlord  
  76  7:25  Drone  
  76  7:27  Drone  
  76  7:30  Drone  
  76  7:33  Drone  
  75  7:37  Drone  
  75  7:40  Drone  
  75  7:43  Baneling  
  75  7:44  Baneling x2  
  77  7:51  Roach x3  
  83  7:53  Baneling x10  
  83  7:57  Roach  
  85  8:01  Roach  
  85  8:03  Roach  
  89  8:09  Roach  
  91  8:13  Drone x3  
  91  8:19  Drone  
  96  8:20  Drone x2  
  96  8:21  Drone  
  96  8:22  Evolution Chamber  
Show
View Real Time Build Order
Export as new Build Order

herO Protoss 

Build Orders: 1 Gate Expand, Oracle Opening 

Get SALT Encoding   

  12  0:00  Probe  
  13  0:12  Probe  
  14  0:17  Pylon  
  14  0:24  Probe (Chrono Boost)  
  16  0:36  Probe (Chrono Boost)  
  16  0:38  Gateway  
  16  0:43  Probe (Chrono Boost)  
  16  0:46  Assimilator  
  17  0:50  Probe  
  18  1:02  Probe  
  19  1:15  Probe  
  20  1:23  Nexus  
  20  1:33  Cybernetics Core  
  20  1:35  Probe  
  21  1:41  Assimilator  
  21  1:48  Probe  
  21  1:51  Pylon  
  22  2:00  Probe (Chrono Boost)  
  23  2:09  Adept  
  23  2:12  Probe (Chrono Boost)  
  23  2:14  Stargate  
  26  2:19  Probe (Chrono Boost)  
  26  2:22  Warp Gate  
  27  2:27  Probe (Chrono Boost)  
  28  2:35  Probe (Chrono Boost)  
  29  2:39  Probe (Chrono Boost), Stalker  
  33  2:45  Probe (Chrono Boost)  
  33  2:47  Probe (Chrono Boost)  
  33  2:50  Probe (Chrono Boost)  
  34  2:52  Probe  
  34  2:58  Oracle (Chrono Boost)  
  39  3:02  Pylon  
  39  3:05  Probe x2  
  41  3:17  Probe x2  
  43  3:29  Probe x2  
  43  3:30  Oracle (Chrono Boost)  
  48  3:35  Nexus  
  48  3:39  Pylon  
  48  3:43  Probe x2  
  50  3:51  Twilight Council  
  50  3:58  Probe x2  
  50  4:00  Gateway  
  52  4:03  Gateway  
  52  4:10  Adept  
  52  4:12  Probe x2  
  52  4:15  Gateway  
  56  4:20  Gateway  
  56  4:23  Charge (Chrono Boost)  
  56  4:24  Probe x2  
  56  4:29  Gateway  
  58  4:36  Probe x2  
  60  4:39  Gateway  
  60  4:43  Gateway  
  60  4:47  Oracle  
  60  4:50  Probe x3  
  66  4:53  Zealot  
  68  5:01  Zealot x2  
  68  5:04  Pylon, Probe x2  
  68  5:06  Probe  
  75  5:14  Pylon  
  75  5:16  Pylon  
  75  5:20  Pylon  
  75  5:22  Pylon  
  75  5:26  Zealot x3  
  75  5:27  Zealot x2  
  85  5:30  Probe  
  85  5:32  Probe  
  85  5:33  Oracle (Chrono Boost)  
  83  5:37  Zealot x2  
  83  5:41  Shield Battery  
  85  5:50  Forge  
  85  5:55  Zealot x5  
  95  5:59  Zealot x2  
  93  6:04  Zealot  
  93  6:06  Shield Battery  
  93  6:07  Oracle (Chrono Boost)  
  93  6:11  Probe x2  
  89  6:21  Stalker x2  
  89  6:23  Zealot x3  
  93  6:27  Stalker x2  
  93  6:28  Zealot  
  92  6:38  Probe  
  82  6:42  Shield Battery  
  82  6:44  Photon Cannon  
  82  6:45  Sentry  
  82  6:46  Adept x2  
  79  6:51  Pylon, Adept x2  
  70  6:58  Zealot x2  
  70  7:00  Assimilator  
  71  7:05  Zealot  
  73  7:10  Zealot x2  
  73  7:12  Probe x2  
  67  7:17  Zealot  
  69  7:26  Probe x2  
  71  7:35  Zealot x2  
  75  7:46  Zealot x3  
  75  7:47  Zealot  
  83  7:55  Probe (Chrono Boost)  
  83  7:56  Sentry x3  
  90  8:04  Probe (Chrono Boost)  
  91  8:07  Probe (Chrono Boost)  
  92  8:15  Probe x2 (Chrono Boost)  
  94  8:24  Pylon  
  94  8:26  Pylon  

Tags
 
Add a new tag
Caveats
  • Supply blocks, unpowered buildings, or Contaminate may cause inaccurate times.
  • Supply counts are checked every 10 seconds.